 Dungeon Crawl Stone Soup version 0.22-a0-565-gfc6459a (webtiles) character file.

6593 Amnesiac the Thaumaturge (level 10, -2/44 HPs)
             Began as a Spriggan Earth Elementalist on June 28, 2018.
             Was a Follower of Ashenzari.
             Slain by a black mamba (7 damage)
             ... on level 1 of the Lair of Beasts.
             The game lasted 00:17:19 (7974 turns).

Amnesiac the Thaumaturge (SpEE)                     Turns: 7974, Time: 00:17:20

Health: -2/44      AC:  6    Str:  4    XL:     10   Next: 71%
Magic:  23/28      EV: 18    Int: 19    God:    Ashenzari [*.....]
Gold:   276        SH:  0    Dex: 18    Spells: 18/36 levels left

rFire    . . .     SeeInvis +   y - -2 dagger (curse)
rCold    . . .     Gourm    .   (shield restricted)
rNeg     . . .     Faith    .   c - +0 robe
rPois    .         Spirit   .   (helmet restricted)
rElec    .         Reflect  .   (no cloak)
rCorr    .         Harm     .   (gloves unavailable)
MR       ++...                  (boots unavailable)
Stlth    +++.......             (no amulet)
HPRegen  0.14/turn              q - +4 ring of protection
MPRegen  0.21/turn              F - ring of protection from magic

@: very quick
A: very small, unfitting armour, see invisible, herbivore, speed 3, slow
metabolism 2
a: Curse Item, Scrying, Renounce Religion


You were on level 1 of the Lair of Beasts.
You worshipped Ashenzari.
Ashenzari was aware of your devotion.
You were not hungry.

You visited 3 branches of the dungeon, and saw 11 of its levels.

You collected 276 gold pieces.

Inventory:

Hand Weapons
 a - a +1 dagger of venom
 b - a +2 dagger of holy wrath
 y - a cursed -2 dagger (weapon)
 G - the +9 hunting sling of Qorosch {freeze, rN+}
   (You found it on level 8 of the Dungeon)

   It causes projectiles fired from it to freeze those they strike, causing
   extra injury to most foes and up to half again as much damage against
   particularly susceptible opponents.
   They can also slow down cold-blooded creatures.
   It protects you from negative energy.
Missiles
 u - 50 arrows
 v - 111 stones (quivered)
Armour
 c - a +0 robe (worn)
 z - a cursed +0 robe
 A - a cursed +0 animal skin
Jewellery
 q - a +4 ring of protection (left hand)
 x - an uncursed ring of ice
 F - a ring of protection from magic (right hand)
Wands
 m - a wand of random effects (16)
 r - a wand of digging (15)
 t - a wand of enslavement (16)
 w - a wand of paralysis (16)
 H - a wand of disintegration (17)
Scrolls
 e - 12 scrolls of identify {!r, unknown}
 f - 4 scrolls of teleportation {!r, unknown}
 g - a scroll of amnesia {!r, unknown}
 h - 4 scrolls of enchant weapon {!r, unknown}
 l - a scroll of fear {!r, unknown}
 o - a scroll of noise {!r, unknown}
 p - a scroll of blinking {!r, unknown}
 B - 2 scrolls of random uselessness {!r, unknown}
 D - a scroll of holy word {!r, unknown}
 I - a scroll of remove curse {!r}
Potions
 i - 3 potions of lignification {!q, unknown}
 j - 3 potions of agility {!q, unknown}
 k - a potion of brilliance {!q, unknown}
 n - 3 potions of flight {!q, unknown}
 s - a potion of mutation {!q, unknown}
 C - a potion of curing {!q, unknown}
 E - a potion of ambrosia {!q, unknown}
 J - a potion of resistance {!q, unknown}
Comestibles
 d - 13 rations


   Skills:
 * Level 4.4 Short Blades
 - Level 3.0 Dodging
 + Level 4.4 Stealth
 + Level 13.9 Spellcasting
 - Level 8.0 Transmutations
 - Level 8.0 Earth Magic


You had 18 spell levels left.
You knew the following spells:

 Your Spells              Type           Power        Failure   Level  Hunger
a - Sandblast             Erth           #####.       1%          1    None
b - Passwall              Tmut/Erth      #####...     1%          2    None
c - Sticks to Snakes      Tmut           #####...     1%          2    None
d - Lee's Rapid Deconstr  Erth           #####.....   4%          5    ####...
e - Petrify               Tmut/Erth      #####...     1%          4    None
f - Stone Arrow           Conj/Erth      ####..       2%          3    None
z - Confusing Touch       Hex            ##....       4%          1    None

Your spell library contained the following spells:

 Spells                   Type           Power        Failure   Level  Hunger
 Apportation              Tloc           ##....       4%          1    None
 Summon Small Mammal      Summ           ##..         4%          1    None
 Animate Skeleton         Necr           N/A          4%          1    None
 Spider Form              Tmut/Pois      ####......   3%          3    None
 Blade Hands              Tmut           #####.....   5%          5    ####...
 Ice Form                 Ice/Tmut       ####....     10%         4    None
 Deflect Missiles         Chrm/Air       ##........   100%        6    #####..
 Silence                  Hex/Air        ##........   80%         5    ####...
 Conjure Ball Lightning   Conj/Air       ##........   100%        6    #####..
 Tornado                  Air            ##........   100%        9    #######
 Beastly Appendage        Tmut           #####.       1%          1    None
 Summon Lightning Spire   Summ/Air       ##......     45%         4    None


Dungeon Overview and Level Annotations

Branches:
Dungeon (9/15)             Temple (1/1) D:6            Lair (1/6) D:8
    Orc: D:9-12

Altars:
Ashenzari
Cheibriados
Dithmenos
Elyvilon
Fedhas
Gozag
Hepliaklqana
Nemelex Xobeh
Okawaru
Qazlal
Trog
Uskayaw
Vehumet
Wu Jian
Xom
Yredelemnul
Zin
The Shining One

Shops:
D:6 %   D:8 :

Annotations:
Lair:1 2 runed doors, Harold


Innate Abilities, Weirdness & Mutations

You are very small and have problems with some larger weapons.
You are too small for most types of armour.
You have supernaturally acute eyesight. (SInv)
You are a herbivore.
You cover ground extremely quickly.
You need to consume almost no food.


Message History

You see here a spiny frog corpse.
The spiny frog stops moving altogether!
You see here 9 gold pieces.
You now have 276 gold pieces (gained 9).
The helpless spiny frog fails to defend itself.
You impale the spiny frog!!
The spiny frog is almost dead.
The helpless spiny frog fails to defend itself.
You impale the spiny frog!!
You kill the spiny frog!
You start resting.
Magic restored.
Harold the Weathered comes into view.
He is wielding a scimitar.
Casting: Petrify (safe; 1% risk of failure)
Confirm with . or Enter, or press ? or * to list all spells.
Aiming: Petrify (safe; 1% risk of failure)
Press: ? - help, Shift-Dir - straight line, f - Harold
Aim: Harold, wielding a scimitar and wearing a ring mail (resting, chance to defeat MR: 34%) Harold is moving more slowly.
Found 31 gold pieces.
You see here a scroll labeled ZUBY EMNAAROSS {!r}.
e - 12 scrolls labeled ZUBY EMNAAROSS {!r} (gained 1) Put on which piece of jewellery? (? for menu, Esc to quit)
Okay, then.
Harold stops moving altogether!
Found a stone staircase leading down.
A black mamba comes into view.
The black mamba hisses angrily.
You hear the slow rumble of an avalanche of rocks nearby.
The helpless Harold fails to defend himself.
You impale Harold!!
Harold is lightly wounded.
The helpless Harold fails to defend himself.
You impale Harold!!
Harold is moderately wounded.
The helpless Harold fails to defend himself.
You impale Harold!!
Harold is heavily wounded.
The black mamba bites you!
* * * LOW HITPOINT WARNING * * *
The helpless Harold fails to defend himself.
You impale Harold!!
Harold is severely wounded.
The black mamba bites you!
* * * LOW HITPOINT WARNING * * *
Okay, then.
Harold is no longer petrified.
Harold casts a spell at you. The bolt of fire misses you.
The black mamba bites you.
* * * LOW HITPOINT WARNING * * *
Harold casts a spell.
Harold blinks!
You see here 15 gold pieces.
Harold throws a throwing net.
The throwing net barely misses you.
There is a stone staircase leading down here.
Casting: Petrify (safe; 1% risk of failure)
Confirm with . or Enter, or press ? or * to list all spells.
Aiming: Petrify (safe; 1% risk of failure)
Press: ? - help, Shift-Dir - straight line, f - black mamba
Aim: a black mamba (chance to defeat MR: 69%)
The black mamba is moving more slowly.
The black mamba completely misses you. The black mamba bites you!
You die...

.........................
.........................
.........#.P.####......#
#.##...$.#......#.....# #
#..$>.#......#.....#
#....(#............#
#.....#............#
##.....#......#.....#
#......S@...........+
#......#......#.....#
##.....#......+..<..#
#.....#......#...†.#
........####.##.....#
......... ...............
..####.## #########.#####
## ##


You could see a black mamba (petrifying).

Vanquished Creatures
  A two-headed ogre (D:5)
  An orc knight (D:9)
  2 spiny frogs (Lair:1)
  A hornet (D:8)
  Prince Ribbit (D:7)
  3 yaks
  A human (D:7)
  A hungry ghost (D:7)
  3 hogs (D:7)
  A wyvern (D:8)
  2 hell hounds (D:8)
  2 orc warriors
  An ice beast (D:7)
  A sky beast (D:6)
  4 phantoms
  3 slaves
  2 ogres (D:5)
  A centaur (D:6)
  A big kobold (D:8)
  2 bullfrogs
  A gnoll sergeant (D:7)
  2 scorpions
  6 wights (D:9)
  2 crimson imps
  A bullfrog skeleton (D:4)
  7 hounds
  An orc priest (D:5)
  2 centaur skeletons
  3 jellies
  A gnoll shaman (D:7)
  An iguana (D:7)
  5 orc wizards
  2 worker ants
  2 hound skeletons (D:6)
  A mummy (D:8)
  20 gnolls
  2 howler monkey skeletons
  7 adders
  3 oozes
  An adder skeleton (D:6)
  A worm (D:4)
  A dart slug (D:2)
  8 leopard geckos
  12 orcs
  5 giant cockroaches
  3 hobgoblins
  9 jackals
  5 quokkas
  6 bats
  3 frilled lizards
  A jackal skeleton (D:5)
  8 kobolds
166 creatures vanquished.

Vanquished Creatures (collateral kills)
  Pikel (D:6)
  A slave (D:6)
2 creatures vanquished.

Vanquished Creatures (others)
  A hound (D:6)
  A fungus (Lair:1)
2 creatures vanquished.

Grand Total: 170 creatures vanquished

Notes
Turn   | Place    | Note
-------+----------+-------------------------------------------
     0 | D:1      | Amnesiac the Spriggan Earth Elementalist began the quest for the Orb.
     0 | D:1      | Reached XP level 1. HP: 9/9 MP: 5/5
   123 | D:1      | Reached skill level 3 in Spellcasting
   124 | D:1      | Reached XP level 2. HP: 13/13 MP: 0/7
   128 | D:1      | Learned a level 2 spell: Passwall
   218 | D:2      | Reached XP level 3. HP: 16/16 MP: 2/8
   651 | D:4      | Found a shimmering altar of Xom.
   753 | D:4      | Reached skill level 1 in Short Blades
   753 | D:4      | Reached XP level 4. HP: 8/21 MP: 3/10
   759 | D:4      | Learned a level 4 spell: Petrify
   895 | D:4      | Reached XP level 5. HP: 10/24 MP: 2/11
  1215 | D:4      | Reached skill level 4 in Spellcasting
  1869 | D:5      | Entered Level 5 of the Dungeon
  1998 | D:5      | Noticed an ogre
  2032 | D:5      | Killed an ogre
  2032 | D:5      | Reached XP level 6. HP: 28/28 MP: 9/13
  2039 | D:5      | Learned a level 5 spell: Lee's Rapid Deconstruction
  2183 | D:5      | Noticed a two-headed ogre
  2250 | D:5      | Killed a two-headed ogre
  2250 | D:5      | Reached skill level 5 in Spellcasting
  2250 | D:5      | Reached XP level 7. HP: 32/32 MP: 0/16
  2250 | D:5      | Reached XP level 8. HP: 36/36 MP: 0/17
  2347 | D:5      | Found a white marble altar of Elyvilon.
  2630 | D:5      | Reached skill level 6 in Spellcasting
  3022 | D:5      | Learned a level 2 spell: Sticks to Snakes
  3026 | D:5      | Learned a level 3 spell: Stone Arrow
  3416 | D:6      | Noticed Pikel
  3747 | D:6      | Killed Pikel
  3747 | D:6      | Reached skill level 7 in Spellcasting
  3747 | D:6      | Reached XP level 9. HP: 14/39 MP: 15/20
  4185 | D:6      | Found Piposh's Food Boutique.
  4363 | D:6      | Found a staircase to the Ecumenical Temple.
  4449 | Temple   | Entered the Ecumenical Temple
  4468 | Temple   | Became a worshipper of Ashenzari the Shackled
  5428 | D:7      | Reached skill level 8 in Spellcasting
  5553 | D:7      | Learned a level 1 spell: Confusing Touch
  5559 | D:7      | Reached skill level 9 in Spellcasting
  5598 | D:7      | Reached skill level 10 in Spellcasting
  6109 | D:7      | Noticed Prince Ribbit
  6128 | D:7      | Killed Prince Ribbit
  6128 | D:7      | Reached skill level 11 in Spellcasting
  6128 | D:7      | Reached XP level 10. HP: 44/44 MP: 17/26
  6405 | D:8      | Found Osookuj's Book Emporium.
  6445 | D:8      | Found a shattered altar of Ashenzari.
  6445 | D:8      | Found a basalt altar of Yredelemnul.
  6449 | D:8      | Found a staircase to the Lair.
  6592 | D:8      | Found a shadowy altar of Dithmenos.
  6758 | D:8      | Found a hazy altar of Hepliaklqana.
  6760 | D:8      | Found an iron altar of Okawaru.
  6787 | D:8      | Found a snail-covered altar of Cheibriados.
  6889 | D:8      | Reached skill level 12 in Spellcasting
  6891 | D:8      | Identified the +9 hunting sling of Qorosch {freeze, rN+}
  7015 | D:8      | Found a glowing silver altar of Zin.
  7019 | D:8      | Reached * piety under Ashenzari
  7591 | D:9      | Noticed an orc knight
  7620 | D:9      | Killed an orc knight
  7620 | D:9      | Reached skill level 13 in Spellcasting
  7894 | Lair:1   | Entered Level 1 of the Lair of Beasts
  7894 | Lair:1   | Noticed a spiny frog
  7905 | Lair:1   | Killed a spiny frog
  7907 | Lair:1   | Noticed a spiny frog
  7927 | Lair:1   | Killed a spiny frog
  7949 | Lair:1   | Noticed Harold
  7957 | Lair:1   | Noticed a black mamba
  7959 | Lair:1   | Found a runed gate.
  7959 | Lair:1   | Found a runed gate.
  7974 | Lair:1   | Slain by a black mamba

Vault maps used:
D:1:      scummos_arrival_hexagon
D:2:      cheibrodos_helix_gallery, marbit_many_paths
D:3:      lemuel_blue_sif_altar, nicolae_ru_great_annihilating_truth,
          minivault_27
D:4:      xom_butterflies, first_ration
D:5:      elyvilon_altar_5
D:6:      minmay_temple_entry_large_hall, serial_shops, nicolae_shop_waterfront,
          uniq_pikel
D:7:      grunt_livestock, uniq_prince_ribbit1
D:8:      nicolae_overflow_hidden_temple, slow_altar_1,
          yredelemnul_altar_generic, old_standard_altar, minmay_lair_entry_lava,
          serial_shops, nicolae_shop_temple_entry_statues_fountains,
          eino_tiny_chamber, cheibrodos_ashenzari_chains
D:9:      minmay_the_grid_3x2, makhleb_blood_cavern_becter
Temple:   chequers_temple_sunken
Lair:1:   enter_volcano_4, ebering_ghost_rock_garden, st_stairs_4,
          beast_lair_carwin_3, uniq_harold

Skill      XL: |  1  2  3  4  5  6  7  8  9 10 |
---------------+-------------------------------+-----
Earth Magic    | 3 4 6 7 8 |  8.0
Spellcasting   | 3 4 5 7 11 13 | 13.9
Transmutations | 3 4 6 7 8 |  8.0
Short Blades   | 1 2 3 4 |  4.4
Stealth        | 4 |  4.4
Dodging        | |  3.0

Action                   |  1- 3 |  4- 6 |  7- 9 | 10-12 || total
-------------------------+-------+-------+-------+-------++-------
Melee: Dagger            |    10 |    11 |   178 |   117 ||   316
Throw: Throwing net      |       |       |     1 |       ||     1
 Cast: Sandblast         |    40 |    57 |    42 |     6 ||   145
       Passwall          |     2 |     2 |     5 |     1 ||    10
       Stone Arrow       |       |       |    31 |       ||    31
       Sticks to Snakes  |       |       |     5 |       ||     5
       Petrify           |       |       |     9 |    31 ||    40
       Lee's Rapid Decon |       |       |     6 |     4 ||    10
Evoke: Wand              |       |       |       |     2 ||     2
 Stab: Sleeping          |     3 |     4 |     7 |     5 ||    19
       Held in net/web   |       |       |     1 |       ||     1
       Petrified         |       |       |    15 |    46 ||    61
       Distracted        |       |       |     1 |       ||     1
       Petrifying        |       |       |       |     3 ||     3
       Paralysed         |       |       |       |     2 ||     2
  Eat: Ration            |       |       |     4 |     2 ||     6
Armor: Robe              |     2 |     4 |    28 |    16 ||    50
Dodge: Dodged            |    17 |    19 |   109 |    73 ||   218

Table legend:
 A = Spawn XP
 B = Non-spawn XP
 C = Spawn XP percentage of total XP
 D = Spawn monster count
 E = Non-spawn monster count
 F = Spawn count percentage of total count
 G = Total turns spent on level
                    A         B        C        D         E        F      G
               +---------+---------+-------+---------+---------+-------+---------
         Total |       0 |    9419 |   0.0 |       0 |     164 |   0.0 |  7974
               +---------+---------+-------+---------+---------+-------+---------
           D:1 |       0 |      14 |   0.0 |       0 |       9 |   0.0 |   241
           D:2 |       0 |      43 |   0.0 |       0 |      10 |   0.0 |   223
           D:3 |       0 |       3 |   0.0 |       0 |       2 |   0.0 |   183
           D:4 |       0 |     269 |   0.0 |       0 |      14 |   0.0 |  1388
           D:5 |       0 |    1923 |   0.0 |       0 |      28 |   0.0 |  1576
           D:6 |       0 |    1309 |   0.0 |       0 |      31 |   0.0 |  1581
           D:7 |       0 |    2022 |   0.0 |       0 |      25 |   0.0 |   988
           D:8 |       0 |    1253 |   0.0 |       0 |      23 |   0.0 |  1131
           D:9 |       0 |    1578 |   0.0 |       0 |      19 |   0.0 |   393
        Temple |       0 |     133 |   0.0 |       0 |       1 |   0.0 |   190
        Lair:1 |       0 |     872 |   0.0 |       0 |       2 |   0.0 |    80
               +---------+---------+-------+---------+---------+-------+---------
